 Dungeon Crawl Stone Soup version 0.31-a0-963-ga325b2283a (webtiles) character file.

Game seed: 3482383243252586352

159 Sanktem7 the Trooper (level 5, -2/45 (47) HPs)
             Began as a Minotaur Fighter on Oct 26, 2023.
             Slain by Crazy Yiuf
             ... wielding a +4 quarterstaff of chaos
              (12 damage)
             ... on level 3 of the Dungeon.
             The game lasted 00:05:09 (2201 turns).

Sanktem7 the Trooper (Minotaur Fighter)             Turns: 2201, Time: 00:05:10

HP:   -2/45 (47)    AC: 10    Str: 22    XL:     5   Next: 17%
MP:   4/4           EV:  8    Int:  5    God:
Gold: 144           SH:  4    Dex: 10    Spells: 4/4 levels left

rFire   . . .        a - +0 war axe {axe}
rCold   . . .        c - +0 buckler
rNeg    + . .        o - +0 chain mail
rPois   .            (helmet restricted)
rElec   .            (no cloak)
rCorr   .            (no gloves)
SInv    +            m - +0 pair of boots
Will    .....        (no amulet) Stlth
                     f - ring of positive energy
HPRegen 0.27/turn    t - ring of see invisible
MPRegen 0.09/turn

%: no passive effects
@: lethally poisoned (-2 -> -15), lightly drained
A: horns 2, retaliatory headbutt
a: no special abilities


You were on level 3 of the Dungeon.
You visited 1 branch of the dungeon, and saw 3 of its levels.

You collected 144 gold pieces.


Innate Abilities, Weirdness & Mutations

You have a pair of horns on your head.
You reflexively headbutt those who attack you in melee.


   Skills:
 + Level 4.4 Fighting
 * Level 4.4 Axes
 + Level 1.1 Throwing
 + Level 4.4 Armour
 + Level 4.4 Shields


You had 4 spell levels left.
You didn't know any spells.
Your spell library contained the following spells:

 Spells                   Type           Power      Damage    Failure   Level
 Gell's Gravitas          Tloc           0%         N/A       100%        3
 Teleport Other           Tloc           0%         N/A       100%        3
 Dispersal                Tloc           0%         N/A       100%        6

Inventory:

Hand Weapons
 a - a +0 war axe (weapon) {axe}
 y - a +1 hammer of venom
   (You found it on level 3 of the Dungeon)
Missiles
 k - 27 stones {throwing}
Armour
 c - a +0 buckler (worn)
 m - a +0 pair of boots (worn)
   (You found it on level 1 of the Dungeon)
 o - a +0 chain mail (worn)
   (You found it on level 1 of the Dungeon)
Jewellery
 f - a ring of positive energy (left hand)
   (You found it on level 1 of the Dungeon)
 t - a ring of see invisible (right hand)
   (You found it on level 2 of the Dungeon)
Wands
 b - a wand of polymorph (17)
   (You took it off Terence on level 2 of the Dungeon)
Scrolls
 g - 3 scrolls of fear {unknown}
 h - a scroll of blinking {unknown}
 i - a scroll of identify {unknown}
 n - a scroll of enchant weapon {unknown}
 p - 2 scrolls of teleportation {unknown}
 s - a scroll of vulnerability {unknown}
 u - a scroll of revelation {unknown}
 w - a scroll of summoning {unknown}
Potions
 d - a potion of might
 e - 2 potions of magic {unknown}
 j - a potion of degeneration {unknown}
 l - a potion of enlightenment {unknown}
 q - a potion of haste {unknown}
 r - a potion of heal wounds {unknown}
 v - a potion of curing {unknown}
 x - a potion of invisibility {unknown}

Dungeon Overview and Level Annotations

Branches:
Dungeon (3/15) Zot: 15753

Altars:
Dithmenos
Fedhas
Ru

Shops:
D:2 (

Annotations:
D:3 Crazy Yiuf

#.........[.##....
#######.>....+....
#....###.... #####
#....# ##### #).)#
#....# #)))#
#.#### ))) #.# #g#
#.# ♣♣@♣ ### ♣)♣♣
## ♣♣.♣ ###### #.
♣)♣♣ ##....# #.
♣♣)♣♣ #.....# #.
♣)..♣♣ #.....# #.
♣....♣ #.....# #.
##..## #.....# #.
####....####.....#
#.


You could see Crazy Yiuf.


Message History

The ball python bites you but does no damage.
The ball python grabs you. The ball python constricts you.
The ball python bites you but does no damage.
The ball python constricts you.
You hit the ball python.
You kill the ball python!
No target in view!
No target in view!
A hobgoblin comes into view.
The hobgoblin shouts!
A hobgoblin is nearby!
A hobgoblin is nearby!
A hobgoblin is nearby!
You block the hobgoblin's attack.
You hit the hobgoblin but do no damage. You headbutt the hobgoblin.
You kill the hobgoblin!
No target in view!
No target in view!
No target in view!
No target in view!
No target in view!
No target in view!
No target in view!
No target in view!
No target in view!
No target in view!
No target in view!
No target in view!
No target in view!
No target in view!
You open the door.
There is an open door here.
There is an open door here.
Key pressed, stopping explore.
You now have 144 gold pieces (gained 8).
Key pressed, stopping explore.
You see here a +0 hammer.
Found a runed translucent door.
You see here a +0 hammer.
Crazy Yiuf shouts!
y - a +1 hammer of venom You see here a +0 hammer.
Crazy Yiuf waves his quarterstaff at you.
You see here a +0 hammer.
Could not explore, unopened runed door.
Could not explore, unopened runed door.
No reachable target in view!
No reachable target in view!
No reachable target in view!
No reachable target in view!
No reachable target in view!
No reachable target in view!
No reachable target in view!
No reachable target in view!
No reachable target in view!
No reachable target in view!
No reachable target in view!
No reachable target in view!
No reachable target in view!
No reachable target in view!
No reachable target in view!
No reachable target in view!
No reachable target in view!
No reachable target in view!
No reachable target in view!
Unknown command.
As you open the door, it creaks loudly!
You barely miss Crazy Yiuf.
Crazy Yiuf hits you with a +4 quarterstaff of chaos!
You partially resist.
You feel drained. 😕 HP[-8]
You now have 45 max hp (-2).
You take 8 damage, and now have 39/45 hp.
You hit Crazy Yiuf but do no damage. Crazy Yiuf hits you but does no damage.
You barely miss Crazy Yiuf.
Crazy Yiuf grits, "Spliff arga tea!"
Crazy Yiuf hits you with a +4 quarterstaff of chaos.
You are poisoned.
Crazy Yiuf hits you with a +4 quarterstaff of chaos.
Crazy Yiuf freezes you. 😕 HP[-5]
You take 5 damage, and now have 34/45 hp.
You barely miss Crazy Yiuf. You headbutt Crazy Yiuf.
You feel very sick.
Crazy Yiuf says, "Buddy sizzlefizz tortoise!"
Crazy Yiuf hits you with a +4 quarterstaff of chaos.
You are more poisoned. 😮 HP[-7]
You take 7 damage, and now have 27/45 hp.
You closely miss Crazy Yiuf.
You feel very sick.
Crazy Yiuf hits you with a +4 quarterstaff of chaos!
* * * LOW HITPOINT WARNING * * *
Crazy Yiuf freezes you.
* * * LOW HITPOINT WARNING * * *
Crazy Yiuf laughs, "Snurf!"
Crazy Yiuf hits you with a +4 quarterstaff of chaos!
You die...

Skill      XL: |  1  2  3  4 |
---------------+-------------+-----
Axes           | 3 4 |  4.4
Fighting       | 4 |  4.4
Armour         | 4 |  4.4
Shields        | 4 |  4.4
Throwing       | 1 |  1.1

Action                     |  1- 3 |  4- 6 || total
---------------------------+-------+-------++-------
  Melee: War axe           |    53 |    74 ||   127
         Headbutt          |     8 |     9 ||    17
         Unarmed           |     3 |       ||     3
 Armour: Scale mail        |    14 |       ||    14
         Skin              |    26 |       ||    26
         Chain mail        |    15 |    68 ||    83
  Dodge: Dodged            |    34 |    39 ||    73
  Block: Buckler           |    13 |    13 ||    26

Levels and vault maps discovered:
D:1:      spicycebolla_green_bress_n_ham_2, layout_basic
D:2:      layout_basic, serial_shops, nicolae_shop_tiny_statue_garden,
          minmay_surrounded, uniq_jessica, uniq_terence
D:3:      layout_basic, lemuel_doored_altar, amethyst_overflow_temple_binary,
          uniq_crazy_yiuf_cottage

Notes
Turn   | Place    | Note
-------+----------+-------------------------------------------
     0 | D:1      | Sanktem7 the Minotaur Fighter began the quest for the Orb.
     0 | D:1      | Reached XP level 1. HP: 19/19 MP: 0/0
     0 | D:1      | magus.rc [v1.9.6]
   276 | D:1      | Reached XP level 2. HP: 27/27 MP: 1/1
   331 | D:1      | Reached skill level 3 in Axes
   708 | D:2      | Noticed Terence
   826 | D:2      | Killed Terence
   827 | D:2      | Reached skill level 4 in Fighting
   827 | D:2      | Reached skill level 4 in Armour
   827 | D:2      | Reached skill level 4 in Shields
   827 | D:2      | Reached XP level 3. HP: 26/33 MP: 2/2
   907 | D:2      | Found Aloal's Weapon Emporium.
   908 | D:2      | Noticed Jessica
   914 | D:2      | Killed Jessica
   915 | D:2      | Reached XP level 4. HP: 39/40 MP: 3/3
  1038 | D:2      | Reached skill level 4 in Axes
  1390 | D:2      | You add the spells Gell's Gravitas, Teleport Other and
                  | Dispersal to your library.
  1470 | D:3      | Reached skill level 1 in Throwing
  1590 | D:3      | Reached XP level 5. HP: 43/47 MP: 4/4
  1940 | D:3      | Found a shadowy altar of Dithmenos.
  1941 | D:3      | Found a blossoming altar of Fedhas.
  2068 | D:3      | Found a sacrificial altar of Ru.
  2191 | D:3      | Found a runed translucent door.
  2192 | D:3      | Noticed Crazy Yiuf
  2201 | D:3      | HP: 10/45 [Crazy Yiuf/+4 quarterstaff of chaos (2)]
  2201 | D:3      | Slain by Crazy Yiuf

Vanquished Creatures
  Terence (D:2)
  Jessica (D:2)
  5 adders
  3 worms
  3 endoplasms
  A goblin (D:1)
  4 hobgoblins
  12 jackals
  4 quokkas
  5 ball pythons
  6 bats
  2 kobolds (D:1)
  6 rats
53 creatures vanquished.

Table legend:
 A = Non-vault XP
 B = Vault XP
 C = Vault XP percentage of total XP
 D = Non-vault monster count
 E = Vault monster count
 F = Vault count percentage of total count
                 A         B        C        D         E       F
            +---------+---------+-------+---------+---------+-------
      Total |     147 |      81 |  35.5 |      47 |       6 |  11.3
            +---------+---------+-------+---------+---------+-------
        D:1 |      25 |       0 |   0.0 |      15 |       0 |   0.0
        D:2 |      60 |      81 |  57.4 |      18 |       6 |  25.0
        D:3 |      62 |       0 |   0.0 |      14 |       0 |   0.0
            +---------+---------+-------+---------+---------+-------

Skill      XL: |  1  2  3  4 |
---------------+-------------+-----
Axes           | 3 4 |  4.4
Fighting       | 4 |  4.4
Armour         | 4 |  4.4
Shields        | 4 |  4.4
Throwing       | 1 |  1.1

Action                     |  1- 3 |  4- 6 || total
---------------------------+-------+-------++-------
  Melee: War axe           |    53 |    74 ||   127
         Headbutt          |     8 |     9 ||    17
         Unarmed           |     3 |       ||     3
 Armour: Scale mail        |    14 |       ||    14
         Skin              |    26 |       ||    26
         Chain mail        |    15 |    68 ||    83
  Dodge: Dodged            |    34 |    39 ||    73
  Block: Buckler           |    13 |    13 ||    26

Illustrated notes

Table legend:
 A = Kills in this place as a percentage of kills in the entire game.
 B = Kills by you in this place as a percentage of kills by you in the entire game.
 C = Kills by friends in this place as a percentage of kills by friends in the entire game.
 D = Other kills in this place as a percentage of other kills in the entire game.
 E = Experience gained in this place as a percentage of experience gained in the entire game.
 F = Experience gained in this place divided by the number of levels of this place that you have seen.
                   A       B       C       D       E      F
               +-------+-------+-------+-------+-------+----------------------
         Total | 100.0 | 100.0 |   N/A |   N/A | 100.0 |  76.0
       Dungeon | 100.0 | 100.0 |   N/A |   N/A | 100.0 |  76.0
               +-------+-------+-------+-------+-------+----------------------

Table legend: (Time is in decaauts)
 A = Elapsed time spent in this place.
 B = Non-inter-level travel time spent in this place.
 C = Inter-level travel time spent in this place.
 D = Time resting spent in this place.
 E = Time spent auto-exploring this place.
 F = Levels seen in this place.
 G = Mean time per level.
                   A        B        C        D        E       F      G
               +--------+--------+--------+--------+--------+-----+--------+
         Total |   2245 |   2196 |     49 |    101 |   1684 |   3 |  748.3 |
       Dungeon |   2245 |   2196 |     49 |    101 |   1684 |   3 |  748.3 |
               +--------+--------+--------+--------+--------+-----+--------+

Top non-repeatable levels by time:
     D:2: 779 daAuts
     D:3: 775 daAuts
     D:1: 690 daAuts
